Map: Blackpink LE

Players

ReSeT

  • Race: Terran Terran
  • League: Master
  • Spawn Location: 1:00

IIIIIIIIIIII - Winner!

  • Race: Terran Terran
  • League: Diamond
  • Spawn Location: 7:00

VOD

Have the link to the VOD?

Description

Time

  • Played on: Dec. 1, 2017, 7:06 p.m.
  • Length: 15:51
Show
View Real Time Build Order
Export as new Build Order

ReSeT Terran 

Build Orders: Reaper Expand, Mech 

Get SALT Encoding   

  12  0:00  SCV  
  13  0:12  SCV  
  14  0:17  Supply Depot  
  14  0:24  SCV  
  15  0:39  SCV  
  15  0:40  Barracks  
  16  0:47  Refinery  
  16  0:51  SCV  
  17  1:03  SCV  
  18  1:16  SCV  
  19  1:29  Orbital Command  
  19  1:33  Reaper  
  20  1:47  Command Center  
  20  1:57  Supply Depot  
  20  1:59  SCV  
  21  2:07  Refinery  
  21  2:08  Marine  
  21  2:12  SCV  
  23  2:22  Factory  
  23  2:24  SCV  
  24  2:32  Barracks Reactor  
  24  2:36  SCV  
  25  2:48  SCV  
  26  3:01  Orbital Command, SCV  
  27  3:06  Bunker  
  27  3:07  Factory Tech Lab  
  27  3:08  Starport  
  27  3:09  Marine  
  28  3:13  Marine  
  28  3:15  SCV  
  30  3:25  Siege Tank  
  33  3:27  SCV  
  33  3:30  SCV  
  35  3:35  Marine  
  35  3:36  Marine  
  37  3:43  SCV  
  37  3:44  SCV  
  39  3:55  Supply Depot  
  39  3:58  Siege Tank  
  42  4:03  Viking  
  42  4:06  SCV  
  42  4:07  SCV  
  42  4:09  Refinery  
  46  4:11  Supply Depot  
  46  4:16  Viking  
  48  4:18  SCV  
  49  4:27  Supply Depot, SCV  
  51  4:34  Barracks Reactor  
  50  4:38  Siege Tank  
  50  4:45  SCV  
  54  4:50  Viking  
  53  5:05  Viking  
  55  5:19  Refinery, SCV x2  
  55  5:20  Viking, Command Center  
  59  5:31  SCV  
  60  5:39  Factory  
  60  5:44  Siege Tank  
  60  5:46  SCV x2  
  65  5:50  Supply Depot  
  65  5:52  Supply Depot  
  65  5:58  SCV  
  65  6:01  Factory, Viking  
  65  6:03  SCV  
  69  6:07  Supply Depot  
  69  6:09  Supply Depot  
  69  6:10  SCV  
  70  6:11  Engineering Bay  
  70  6:15  SCV, Armory  
  71  6:23  Hellion x2  
  75  6:32  Viking  
  77  6:33  Viking  
  77  6:39  Orbital Command  
  79  6:41  SCV  
  79  6:55  Hellion  
  79  6:56  Siege Tank, Hellion  
  79  6:57  Factory Tech Lab  
  86  7:03  Terran Vehicle Weapons Level 1  
  86  7:24  Siege Tank, Hellion x2  
  86  7:28  Siege Tank  
  96  7:30  Liberator x2, Missile Turret  
  96  7:33  Factory, Missile Turret  
  96  7:38  Missile Turret  
  96  7:47  Hellion x2  
  106  8:10  Siege Tank, Hellion  
  106  8:11  Siege Tank, Hellion  
  99  8:30  SCV x3  
  99  8:32  Hellion  
  104  8:35  Factory Tech Lab  
  104  8:42  SCV x2  
  104  8:45  Orbital Command  
  106  8:55  Siege Tank x2  
  109  8:59  Sensor Tower, Missile Turret  
  112  9:07  Siege Tank  
  115  9:10  SCV x2  
  117  9:18  Supply Depot  
  117  9:22  Missile Turret  
  117  9:23  Missile Turret  
  117  9:25  Missile Turret  
  117  9:26  Refinery  
  117  9:29  Refinery  
  117  9:37  SCV x2  
  117  9:39  SCV  
  117  9:40  Viking x2  
  116  9:49  SCV  
  116  9:51  Siege Tank x2, SCV  
  122  9:59  Siege Tank  
  115  10:01  Orbital Command  
  115  10:23  Siege Tank  
  118  10:29  SCV x2  
  118  10:34  Refinery  
  120  10:39  Sensor Tower  
  120  10:45  Siege Tank  
  120  10:46  Hellion  
  125  10:50  Supply Depot x2  
  125  10:51  Siege Tank  
  125  10:53  Hellion  
  116  11:04  Siege Tank  
  116  11:08  Liberator  
  116  11:10  Hellion  
  118  11:14  Hellion  
  118  11:15  Terran Vehicle Weapons Level 2  
  118  11:18  Siege Tank  
  123  11:20  SCV x2  
  123  11:25  Siege Tank, Command Center  
  131  11:34  Sensor Tower  
  131  11:37  Hellion x2  
  131  11:39  Hellion  
  137  11:46  Liberator  
  137  11:47  Hellion x6  
  137  11:50  Hellion  
  137  11:57  Supply Depot, Hellion  
  137  11:58  Supply Depot  
  137  12:01  Liberator  
  140  12:19  Hellion x3  
  140  12:20  Siege Tank  
  152  12:23  Supply Depot  
  152  12:28  Infernal Pre-Igniter  
  142  12:32  Siege Tank  
  145  12:45  Starport  
  145  13:05  Siege Tank x2  
  120  13:18  Viking x2  
  120  13:19  Hellion  
  131  13:20  Siege Tank, Hellion  
  131  13:34  SCV x3  
  134  13:41  Armory  
  134  13:46  SCV x3, Missile Turret  
  137  13:51  Siege Tank, Missile Turret  
  137  13:52  Refinery, Siege Tank, Hellion x2  
  147  13:59  Refinery  
  147  14:01  Viking  
  149  14:07  SCV x3  
  152  14:10  Planetary Fortress  
  149  14:22  SCV x3  
  152  14:26  Viking  
  152  14:28  Starport Reactor  
  154  14:32  Supply Depot  
  154  14:40  Thor  
  160  14:49  Thor  
  166  14:58  Missile Turret  
  166  15:02  SCV x3, Missile Turret  
  166  15:03  SCV  
  170  15:14  Command Center  
Show
View Real Time Build Order
Export as new Build Order

IIIIIIIIIIII Terran - Winner!

Build Orders: Liberator Opening, Reaper Expand, MMM Bio 

Get SALT Encoding   

  12  0:00  SCV  
  13  0:13  SCV  
  14  0:17  Supply Depot  
  14  0:25  SCV  
  14  0:27  Refinery  
  15  0:39  SCV  
  16  0:45  Barracks  
  16  0:51  SCV  
  17  1:03  SCV  
  18  1:15  SCV  
  19  1:32  Orbital Command  
  19  1:33  Reaper  
  20  2:03  Command Center  
  20  2:04  Factory, SCV  
  21  2:15  Reaper  
  21  2:16  SCV  
  22  2:22  Supply Depot  
  22  2:28  SCV  
  23  2:35  Refinery  
  23  2:44  SCV  
  23  2:49  Hellion  
  26  2:52  Starport  
  26  2:56  SCV  
  27  3:00  Barracks Reactor  
  27  3:08  SCV  
  28  3:14  Factory Tech Lab  
  28  3:15  Liberator  
  28  3:17  Orbital Command  
  28  3:20  SCV  
  29  3:32  SCV  
  31  3:43  Marine  
  31  3:44  SCV, Marine  
  34  3:49  Barracks  
  34  3:50  Barracks  
  34  3:54  SCV  
  35  3:57  SCV  
  35  3:59  Siege Tank  
  39  4:02  Marine  
  39  4:03  Marine  
  39  4:06  SCV  
  42  4:10  Supply Depot  
  42  4:15  SCV  
  43  4:20  Marine  
  43  4:21  SCV, Marine  
  46  4:26  Refinery  
  46  4:31  SCV  
  46  4:33  Supply Depot  
  46  4:36  Supply Depot, Starport Reactor  
  46  4:37  Barracks Tech Lab  
  46  4:38  Barracks Reactor  
  47  4:41  SCV  
  48  4:47  SCV  
  49  4:59  SCV x2  
  51  5:03  Marine  
  51  5:04  Marine x2  
  51  5:06  Stimpack  
  54  5:08  Siege Tank  
  54  5:11  SCV x2  
  56  5:17  Supply Depot, Marine x2  
  56  5:19  Medivac  
  60  5:21  Marine  
  60  5:22  Medivac, Marine  
  60  5:23  SCV  
  60  5:24  SCV  
  66  5:29  Supply Depot, Marine  
  66  5:35  SCV, Marine  
  69  5:36  SCV  
  69  5:39  Marine  
  69  5:41  Marine x2  
  73  5:43  Siege Tank  
  73  5:46  Marine  
  73  5:47  SCV  
  78  5:52  Supply Depot x2  
  78  5:53  Marine  
  78  5:56  SCV  
  78  5:57  Marine  
  80  5:58  Marine  
  80  6:00  Marine  
  83  6:04  Medivac, Marine  
  86  6:13  Medivac  
  88  6:27  Marine x4  
  92  6:33  Marine  
  92  6:34  Barracks  
  92  6:35  SCV, Command Center  
  92  6:36  Barracks  
  92  6:38  Engineering Bay  
  94  6:42  Engineering Bay  
  93  6:58  Marine x5  
  93  7:00  SCV x2  
  100  7:09  Combat Shields, Supply Depot  
  100  7:15  Marine x2  
  100  7:16  Terran Infantry Weapons Level 1, Terran Infantry Armor Level 1  
  102  7:30  Siege Tank, Marine x3  
  102  7:33  Marine x2  
  102  7:35  Supply Depot x2  
  110  7:48  SCV x2, Marine x3  
  110  7:51  Barracks Reactor x2, Orbital Command, Marine x2  
  117  8:00  Medivac x2  
  116  8:06  Marine x3  
  108  8:13  Marine x2  
  108  8:19  Orbital Command  
  99  8:23  Marine x2  
  99  8:24  Marine  
  98  8:29  SCV x2  
  98  8:31  Marine x2  
  102  8:34  Armory  
  102  8:41  SCV, Marine x2  
  102  8:42  Marine  
  102  8:48  Siege Tank  
  109  8:49  Marine x6  
  115  8:56  SCV x2  
  115  8:57  Barracks  
  115  8:58  Barracks  
  115  8:59  Marine x2  
  115  9:00  Marine  
  118  9:07  Marine x6  
  124  9:11  SCV x2  
  124  9:14  Supply Depot x2  
  127  9:17  SCV, Marine x2  
  127  9:18  Marine  
  127  9:21  Terran Infantry Armor Level 2, Terran Infantry Weapons Level 2  
  127  9:23  SCV  
  131  9:24  Marine  
  131  9:25  Marine  
  130  9:39  Marine x2  
  130  9:43  Marine x3  
  130  9:44  Marine x2  
  136  9:59  Marine x3  
  131  10:01  Marine x3  
  131  10:02  Marine  
  131  10:05  Marine x2  
  128  10:17  Marine x3  
  128  10:18  Marine  
  128  10:19  Barracks Tech Lab x2, Marine x2  
  128  10:20  Marine  
  135  10:21  Barracks  
  135  10:23  Marine x2  
  135  10:25  Command Center  
  123  10:35  Marine x3  
  126  10:36  SCV, Marine  
  126  10:37  Marine x2  
  126  10:38  Marine x3  
  126  10:39  Medivac x2  
  126  10:40  SCV  
  126  10:41  Marine x2  
  126  10:42  Supply Depot  
  136  10:43  Supply Depot  
  134  10:52  Marine x2  
  118  10:58  Marine x2  
  118  11:01  Marine x2  
  118  11:02  Marine  
  118  11:03  Marine x3  
  111  11:04  Marine  
  111  11:05  Siege Tank  
  111  11:10  Marine  
  116  11:14  Marine  
  116  11:16  Marine x2  
  119  11:19  Marine  
  119  11:22  Marauder x2  
  119  11:23  Marauder  
  119  11:24  SCV  
  127  11:26  Marine  
  127  11:27  Barracks Tech Lab, Marine  
  127  11:31  Marine  
  130  11:37  Terran Infantry Weapons Level 3  
  130  11:43  Marauder x2, Terran Infantry Armor Level 3  
  130  11:44  Marauder  
  136  11:47  Marine  
  136  11:48  Marauder  
  138  12:04  Marauder  
  138  12:05  Marauder x2, Marine x2  
  138  12:06  Marine  
  147  12:09  Marauder  
  149  12:26  Marauder x2  
  149  12:27  Marauder  
  149  12:28  Marine  
  149  12:29  Marine x2  
  157  12:30  Marauder  
  157  12:32  Medivac x2  
  163  12:38  SCV x2  
  163  12:41  Marine  
  163  12:42  Marine x3  
  169  12:47  Marauder x2  
  169  12:48  Marauder  
  175  12:52  Marauder, Marine x2  
  175  12:54  SCV  
  166  13:09  Marauder x2  
  166  13:10  Marauder, Marine x2  
  153  13:13  Marauder  
  153  13:16  Marine x3  
  153  13:19  Marine x2  
  160  13:30  Marauder x2  
  160  13:31  Marauder, Marine x2  
  168  13:34  Marauder, Marine  
  168  13:35  Marine  
  172  13:47  Marine  
  173  13:51  Marauder  
  173  13:52  Marauder x2, Marine x2  
  181  13:56  Marauder  
  181  13:57  Marine  
  184  14:05  Marine x2  
  184  14:08  Marine  
  184  14:09  Marine  
  188  14:11  Medivac x2  
  188  14:12  Planetary Fortress  
  188  14:13  Marauder x2  
  196  14:17  Supply Depot  
  196  14:18  Supply Depot  
  196  14:38  Supply Depot  
  196  14:39  Marauder x2  
  196  14:40  Supply Depot  
  200  14:51  Command Center  
  200  14:53  Sensor Tower  
  200  15:24  Barracks  
  200  15:26  Barracks  
  200  15:27  Barracks  
  200  15:29  Barracks  
Tags
 
Add a new tag
Caveats
  • Supply blocks, unpowered buildings, or Contaminate may cause inaccurate times.
  • Supply counts are checked every 10 seconds.